 Dungeon Crawl Stone Soup version 0.31-a0-1300-gb6740aa4e6 (webtiles) character file.

Game seed: 13566317988558783568

252 grandjackal the Covered (level 5, -4/42 HPs)
             Began as an Armataur Fighter on Dec 18, 2023.
             Killed by nerve-wracking pain
             ... invoked by a shadow imp
              (8 damage)
             ... on level 5 of the Dungeon.
             The game lasted 00:02:30 (1072 turns).

grandjackal the Covered (Armataur Fighter)          Turns: 1072, Time: 00:02:31

Health: -4/42      AC:  8    Str: 23    XL:     5   Next: 89%
Magic:  4/4        EV: 12    Int:  8    God:
Gold:   147        SH:  0    Dex: 10    Spells: 4/4 levels left

rFire   . . .        g - +0 spear (venom)
rCold   . . .        c - +0 buckler
rNeg    . . .        b - +0 scale mail
rPois   .            (no helmet)
rElec   .            (no cloak)
rCorr   .            (no gloves)
SInv    .            (no barding)
Will    .....        (no amulet) Stlth
                     i - +5 ring of evasion
HPRegen 0.27/turn    (no ring)
MPRegen 0.09/turn

%: roll
@: confused
A: large, deformed body, tough skin 3, armoured tail, roll 1, long tongue,
stinger 1, low MP 1, shaggy fur 1, inability to drink after injury 1, devolution
1
a: no special abilities


You were on level 5 of the Dungeon.
You visited 1 branch of the dungeon, and saw 4 of its levels.

You collected 147 gold pieces.

Inventory:

Hand Weapons
 a - a +0 flail
 g - a +0 spear of venom (weapon)
Missiles
 m - a throwing net
Armour
 b - a +0 scale mail (worn)
 c - a +0 buckler (worn)
Jewellery
 i - a +5 ring of evasion (left hand)
 k - a ring of positive energy
Wands
 f - a wand of mindburst (10)
Scrolls
 d - a scroll of poison {unknown}
 e - a scroll of teleportation {unknown}
 h - a scroll of identify {unknown}


   Skills:
 + Level 3.8 Fighting
 + Level 3.1 Maces & Flails
 + Level 5.1 Armour
 - Level 4.6 Shields


You had 4 spell levels left.
You didn't know any spells.
Your spell library was empty.

Dungeon Overview and Level Annotations

Branches:
Dungeon (5/15)
 Temple: D:4-7

Altars:

Annotations:
D:4 Eustachio


Innate Abilities, Weirdness & Mutations

Armour fits poorly on your strangely shaped body.
You have extremely tough skin. (AC +3)
You have a long armoured tail.
You regenerate magic when rolling toward enemies. (Rampage MPRegen)
Your long tongue fully drains potion bottles. (2x potion effects)
Your tail ends in a venomous barb.
Your magical capacity is low. (-10% MP)
You are covered in fur. (AC +1)
You occasionally lose the ability to drink potions when taking damage.
You have hidden genetic defects.


Message History

You hit the shadow imp.
The shadow imp is lightly wounded.
Something hits you but does no damage.
The shadow imp hits you but does no damage.
Something hits you.
You barely miss the shadow imp.
Your tail-slap misses the shadow imp.
You feel less confused. Something hits you but does no damage.
The shadow imp hits you but does no damage.
Something hits you. Something hits you but does no damage.
The shadow imp hits you.
You hear some strange, mumbled words.
You are confused.
You hear some strange, mumbled words.
A puff of flame appears from out of thin air!
The puff of flame hits you! Something hits you. The shadow imp gestures at you.
It was a potion of mutation.
You feel extremely strange.
You feel less energetic.
You occasionally lose the ability to drink potions when taking damage.
Fur sprouts all over your body.
You feel a hidden malignance growing inside you.
A venomous barb forms on the end of your tail.
You slurp down every last drop of the potion of mutation!
The orc barely misses you. Something hits you.
* * * LOW HITPOINT WARNING * * *
Unknown command.
Something hits you but does no damage. The orc attacks as it pursues you!
The orc hits you with a +0 falchion.
* * * LOW HITPOINT WARNING * * *
You hear some strange, mumbled words.
A magic dart appears from out of thin air!
The magic dart hits you.
* * * LOW HITPOINT WARNING * * *
The orc attacks as it pursues you! The orc barely misses you.
A magic dart appears from out of thin air!
The magic dart hits something!
The shadow imp gestures at you. Pain shoots through your body!
You die...

# #. #### ### .###.. ##..#
#..## ......##..@##....##
.##.......o{5......#
............{......#.
........#.†).........
...................#
#########.................
.......###..............##
.....[#..##..........###..
#....#...##......#..... .


You could see a shadow imp and an orc.

Vanquished Creatures
  A hound (D:4)
  A gnoll bouda (D:4)
  An orc priest (D:5)
  An iguana (D:5)
  An orc wizard (D:5)
  3 gnolls (D:4)
  4 adders
  A worm (D:2)
  A dart slug (D:2)
  4 orcs (D:5)
  A ball python (D:1)
  4 endoplasms
  A giant cockroach (D:2)
  A goblin (D:1)
  3 hobgoblins
  2 quokkas (D:2)
  3 bats
  11 frilled lizards (D:1)
  4 kobolds
  3 rats (D:1)
51 creatures vanquished.

Notes
Turn   | Place    | Note
-------+----------+-------------------------------------------
     0 | D:1      | grandjackal the Armataur Fighter began the quest for the
                  | Orb.
     0 | D:1      | Reached XP level 1. HP: 17/17 MP: 1/1
    73 | D:1      | Reached XP level 2. HP: 10/23 MP: 2/2
   455 | D:1      | Found a faded altar of an unknown god.
   590 | D:1      | Reached skill level 4 in Armour
   722 | D:2      | Reached XP level 3. HP: 29/29 MP: 3/3
   830 | D:2      | You fall into a shaft and drop 2 floors!
   841 | D:4      | Noticed Eustachio
   848 | D:4      | Reached XP level 4. HP: 35/35 MP: 4/4
   873 | D:4      | Reached XP level 5. HP: 24/41 MP: 5/5
   875 | D:5      | Entered Level 5 of the Dungeon
   900 | D:5      | Reached skill level 5 in Armour
  1070 | D:5      | Gained mutation: Your magical capacity is low. (-10% MP)
                  | [potion of mutation]
  1070 | D:5      | Gained mutation: You occasionally lose the ability to drink
                  | potions when taking damage. [potion of mutation]
  1070 | D:5      | Gained mutation: You are covered in fur. (AC +1) [potion of
                  | mutation]
  1070 | D:5      | Gained mutation: You have hidden genetic defects. [potion
                  | of mutation]
  1070 | D:5      | Gained mutation: Your tail ends in a venomous barb. [potion
                  | of mutation]
  1072 | D:5      | Killed from afar by a shadow imp

Illustrated notes

Levels and vault maps discovered:
D:1:      lightli_arrival_boilingwater, layout_rooms,
          ebering_ecumenical_altar_petrified, minmay_door_square,
          minmay_lizard_pond
D:2:      layout_rooms
D:4:      layout_basic, hex_tiny, st_stairs_9, uniq_eustachio,
          uniq_blork_the_orc, uniq_edmund
D:5:      layout_cave_pools, nemelex_dance_club_becter,
          minmay_temple_entry_slanted, gup_sewer_entry_bowl,
          hangedman_decor_slide_cut

Skill      XL: |  1  2  3  4  5 |
---------------+----------------+-----
Maces & Flails | 2 3 |  3.1
Armour         | 4 5 |  5.1
Fighting       | 3 |  3.8
Shields        | 4 |  4.6

Action                     |  1- 3 |  4- 6 || total
---------------------------+-------+-------++-------
  Melee: Flail             |    43 |       ||    43
         Tailslap          |    11 |     4 ||    15
         Spear             |    83 |    61 ||   144
    Use: Potion            |       |     4 ||     4
 Armour: Scale mail        |    64 |    89 ||   153
  Dodge: Dodged            |    51 |    60 ||   111
  Block: Buckler           |    15 |    12 ||    27

Table legend: (Time is in decaauts)
 A = Elapsed time spent in this place.
 B = Non-inter-level travel time spent in this place.
 C = Inter-level travel time spent in this place.
 D = Time resting spent in this place.
 E = Time spent auto-exploring this place.
 F = Levels seen in this place.
 G = Mean time per level.
                   A        B        C        D        E       F      G
               +--------+--------+--------+--------+--------+-----+--------+
         Total |   1104 |   1073 |     31 |    105 |    574 |   4 |  276.0 |
       Dungeon |   1104 |   1073 |     31 |    105 |    574 |   4 |  276.0 |
               +--------+--------+--------+--------+--------+-----+--------+

Top non-repeatable levels by time:
     D:1: 661 daAuts
     D:5: 201 daAuts
     D:2: 191 daAuts
     D:4: 49 daAuts
